Map: Winter's Gate LE

Players

Mez

  • Race: Terran Terran
  • League: Master
  • Spawn Location: 5:00

A.I. 1 (Very Easy) - Winner!

  • Race: Terran Terran
  • Spawn Location: 11:00

VOD

Have the link to the VOD?

Description

Time

  • Played on: Aug. 27, 2019, 10:58 a.m.
  • Length: 4:56
Show
View Real Time Build Order
Export as new Build Order

Mez Terran 

Build Orders: Gas First Reaper Expand, Hellion Opening 

Get SALT Encoding   

  12  0:01  SCV  
  13  0:13  SCV  
  14  0:19  Supply Depot  
  14  0:25  SCV  
  14  0:27  Refinery  
  15  0:40  SCV  
  16  0:46  Barracks  
  16  0:53  SCV  
  17  1:05  SCV  
  18  1:17  SCV  
  19  1:34  Orbital Command, Reaper  
  20  1:48  Command Center  
  20  2:00  SCV  
  20  2:01  Factory  
  21  2:07  Barracks Reactor  
  21  2:11  Supply Depot  
  21  2:15  SCV  
  22  2:20  Refinery  
  22  2:27  SCV  
  23  2:40  SCV  
  24  2:50  Starport  
  24  2:52  SCV, Barracks Tech Lab  
  24  2:53  Hellion x2  
  29  3:02  Orbital Command  
  29  3:09  SCV  
  29  3:12  Marauder  
  32  3:18  Hellion  
  34  3:20  Hellion  
  34  3:25  SCV  
  37  3:28  Medivac  
  37  3:33  SCV  
  40  3:37  Marauder  
  42  3:43  Hellion  
  42  3:47  Hellion  
  46  3:53  Supply Depot  
  46  3:56  Concussive Shells  
  46  4:15  SCV x2  
  48  4:18  Factory Tech Lab  
  48  4:21  Supply Depot  
  48  4:22  Command Center  
  48  4:27  SCV x2  
  50  4:39  SCV  
  50  4:44  Starport Tech Lab  
  55  4:50  Supply Depot  
Show
View Real Time Build Order
Export as new Build Order

A.I. 1 (Very Easy) Terran - Winner!

Build Orders:  

Get SALT Encoding   

  12  0:00  SCV  
  13  0:13  SCV  
  14  0:18  Supply Depot  
  14  0:37  Refinery  
  14  0:44  Barracks  
  14  1:03  Supply Depot  
  14  1:11  Refinery  
  14  1:29  SCV  
  15  1:33  Marine  
  16  1:41  SCV  
  17  1:53  SCV  
  18  2:05  SCV  
  18  2:06  Marine  
  20  2:17  SCV  
  21  2:29  SCV  
  22  2:38  Marine  
  22  2:42  Orbital Command  
  22  4:10  SCV  
  23  4:34  Marine  
  23  4:37  Supply Depot  
Tags
 
Add a new tag
Caveats
  • Supply blocks, unpowered buildings, or Contaminate may cause inaccurate times.
  • Supply counts are checked every 10 seconds.